 Dungeon Crawl Stone Soup version 0.24.0-29-g8ce449bc06 (webtiles) character file.

Game seed: 1177507662504332194, levelgen mode: deterministic

32 Kilais the Grave Robber (level 3, -2/24 HPs)
             Began as a Vampire Necromancer on Nov 15, 2019.
             Slain by a black bear (3 damage)
             ... on level 2 of the Dungeon.
             The game lasted 00:10:40 (1312 turns).

Kilais the Grave Robber (Vampire Necromancer)       Turns: 1312, Time: 00:10:45

Health: -2/24      AC:  6    Str:  7    XL:     3   Next: 10%
Magic:  4/6        EV: 10    Int: 18    God:
Gold:   22         SH:  0    Dex: 14    Spells: 5/6 levels left

rFire    . . .     SeeInvis +   b - +0 dagger
rCold    . . .     Gourm    .   (no shield)
rNeg     . . .     Faith    .   h - +0 ring mail
rPois    .         Spirit   .   g - +0 helmet
rElec    .         Reflect  .   (no cloak)
rCorr    .         Harm     .   (no gloves)
MR       +....                  (no boots)
Stlth    ++........             (no amulet)
HPRegen  0.28/turn              f - ring of protection from magic
MPRegen  0.10/turn              (no ring)

@: lethally poisoned (-2 -> -12), regenerating quickly
A: no food, fangs 3, see invisible, unbreathing
a: Exsanguinate


You were on level 2 of the Dungeon.
You were alive.

You visited 1 branch of the dungeon, and saw 2 of its levels.

You collected 22 gold pieces.

Inventory:

Hand Weapons
 b - a +0 dagger (weapon)
Armour
 a - a +0 robe
 g - a +0 helmet (worn)
 h - a +0 ring mail (worn)
Jewellery
 f - a ring of protection from magic (left hand)
Wands
 c - a wand of paralysis (8)
Potions
 d - 3 potions of heal wounds {unknown}
 e - a potion of curing {unknown}
 i - a potion of flight {unknown}


   Skills:
 + Level 0.5 Short Blades
 + Level 2.5 Dodging
 + Level 3.0 Stealth
 * Level 2.3 Spellcasting
 * Level 5.1 Necromancy


You had 5 spell levels left.
You knew the following spells:

 Your Spells              Type           Power        Failure   Level  Hunger
a - Pain                  Necr           ###.         8%          1    N/A

Your spell library contained the following spells:

 Spells                   Type           Power        Failure   Level  Hunger
 Animate Skeleton         Necr           N/A          8%          1    N/A
 Vampiric Draining        Necr           ###.......   22%         3    N/A
 Regeneration             Chrm/Necr      ##........   54%         3    N/A
 Animate Dead             Necr           N/A          58%         4    N/A

Dungeon Overview and Level Annotations

Branches:
Dungeon (2/15)

Altars:


Innate Abilities, Weirdness & Mutations

You do not eat.
Your natural rate of healing is unusually fast.
You have razor-sharp teeth.
You have supernaturally acute eyesight. (SInv)
You can survive without breathing.


Message History

A rat comes into view.
There is an open door here.
You hit the black bear.
You bite the black bear, but do no damage.
The black bear is lightly wounded.
The black bear closely misses you. x2; The black bear claws you.
* * * LOW HITPOINT WARNING * * *
A goblin comes into view.
It is wielding a +0 dagger of protection.
The goblin throws a poisoned dart.
The poisoned dart hits you!
You are lethally poisoned!
You see here a poisoned dart.
* * * LOW HITPOINT WARNING * * *
You feel sick.
* * * LOW HITPOINT WARNING * * *
You feel sick.
The goblin throws a poisoned dart.
The poisoned dart hits you!
You are more poisoned.
The black bear bites you.
* * * LOW HITPOINT WARNING * * *
The black bear claws you.
You die...

#.≈≈≈≈≈_≈≈≈≈≈.....####....
#.≈≈≈≈♣.≈≈≈≈.≈....+.....%.
...≈≈≈≈≈≈≈≈≈......##......
.≈≈≈≈≈≈≈≈≈≈≈.. #......
≈≈≈≈≈≈≈≈≈≈..######......
....≈≈≈≈≈...............
≈≈...≈≈.≈..≈###....####.
.#.g....hKr...'....+....
.......@#######....####.
.#.####+# #....# #. #.##.#
#. .....# #. ...r..# #.
......# .....


You could see a black bear, a goblin, a kobold and a rat.

Vanquished Creatures
  An ooze (D:1)
  A worm (D:2)
  3 orcs (D:2)
  3 bats (D:1)
  2 giant cockroaches
  3 goblins
  2 hobgoblins (D:1)
  3 frilled lizards
  3 kobolds (D:1)
  2 rats (D:1)
23 creatures vanquished.

Notes
Turn   | Place    | Note
-------+----------+-------------------------------------------
     0 | D:1      | Kilais the Vampire Necromancer began the quest for the Orb.
     0 | D:1      | Reached XP level 1. HP: 13/13 MP: 3/3
   206 | D:1      | Reached XP level 2. HP: 16/19 MP: 0/5
  1006 | D:2      | Reached skill level 5 in Necromancy
  1110 | D:2      | Noticed a black bear
  1139 | D:2      | Reached XP level 3. HP: 13/24 MP: 1/6
  1223 | D:2      | Found a faded altar of an unknown god.
  1312 | D:2      | HP: 1/24 [black bear (1)]
  1312 | D:2      | Slain by a black bear

Levels and vault maps discovered:
D:1:      dpeg_arrival_rhombi, layout_loops_ring
D:2:      layout_basic, chequers_ecumenical_altar_island, minmay_unequal

Skill      XL: |  1  2 |
---------------+-------+-----
Necromancy     | 5 |  5.1
Short Blades   | |  0.5
Dodging        | |  2.5
Stealth        | |  3.0
Spellcasting   | |  2.3

Action                   || total
-------------------------++-------
Melee: Dagger            ||    55
       Bite              ||     6
       Short sword       ||    16
 Cast: Pain              ||    32
 Stab: Sleeping          ||     1
Armor: Ring mail         ||    16
       Robe              ||     4
Dodge: Dodged            ||    63
